 Dungeon Crawl Stone Soup version 0.23-a0-241-g3b46b07 (webtiles) character file.

401 Illumine the Slasher (level 6, -13/50 HPs)
             Began as a Minotaur Gladiator on Sept 26, 2018.
             Mangled by an orc warrior
             ... wielding a +0 battleaxe
              (16 damage)
             ... on level 3 of the Dungeon.
             The game lasted 00:05:18 (2723 turns).

Illumine the Slasher (Minotaur Gladiator)           Turns: 2723, Time: 00:05:19

Health: -13/50     AC:  7    Str: 26    XL:     6   Next: 54%
Magic:  0/5        EV: 11    Int:  5    God:
Gold:   117        SH:  0    Dex: 11    Spells: 5/5 levels left

rFire    . . .     SeeInvis .   a - +0 long sword
rCold    . . .     Gourm    .   (no shield)
rNeg     . . .     Faith    .   x - +0 scale mail
rPois    .         Spirit   +   c - +0 hat
rElec    .         Reflect  .   (no cloak)
rCorr    .         Harm     .   (no gloves)
MR       .....                  (no boots)
Stlth    ..........             r - amulet of guardian spirit
HPRegen  0.16/turn              (no ring)
MPRegen  0.09/turn              (no ring)

@: mighty
A: retaliatory headbutt, horns 2
a: no special abilities


You were on level 3 of the Dungeon.
You were not hungry.

You visited 1 branch of the dungeon, and saw 4 of its levels.

You collected 117 gold pieces.

Inventory:

Hand Weapons
 a - a +0 long sword (weapon)
 u - a +2 spear of piercing
Missiles
 d - 3 throwing nets (quivered)
 h - 8 tomahawks
 o - 18 sling bullets
 s - 94 stones
Armour
 c - a +0 hat (worn)
 x - a +0 scale mail (worn)
Jewellery
 r - an amulet of guardian spirit (around neck)
 t - an uncursed ring of fire
Scrolls
 e - 2 scrolls of teleportation {unknown}
 g - 2 scrolls of remove curse {unknown}
 j - 3 scrolls of identify
 m - 4 scrolls of enchant armour {unknown}
 n - a scroll of fog {unknown}
 v - a scroll of enchant weapon {unknown}
Potions
 i - a potion of curing {unknown}
 l - a potion of degeneration {unknown}
 p - a potion of berserk rage {unknown}
 q - 2 potions of flight {unknown}
 w - a potion of magic {unknown}
Comestibles
 b - 2 chunks of flesh
 f - 7 rations


   Skills:
 - Level 2.4 Fighting
 * Level 7.7 Long Blades
 - Level 2.0 Throwing
 + Level 4.3 Armour
 - Level 3.2 Dodging


You had 5 spell levels left.
You didn't know any spells.
Your spell library was empty.

Dungeon Overview and Level Annotations

Branches:
Dungeon (4/15)
 Temple: D:4-7

Altars:

Annotations:
D:3 Sigmund


Innate Abilities, Weirdness & Mutations

You reflexively headbutt those who attack you in melee.
You have a pair of horns on your head.


Message History

The orc warrior hits you with a battleaxe!
You hit the orc warrior but do no damage.
Your headbutt misses the orc warrior.
The orc warrior is heavily wounded.
The orc warrior closely misses you.
You hit the orc warrior but do no damage.
The orc warrior is heavily wounded.
The orc warrior closely misses you.
You riposte.
Your scale mail prevents you from hitting the orc warrior.
The orc warrior is heavily wounded.
You hit the orc warrior.
The orc warrior is heavily wounded.
The orc warrior hits you with a battleaxe!
* * * LOW HITPOINT WARNING * * *
You barely miss the orc warrior.
You headbutt the orc warrior, but do no damage.
The orc warrior is heavily wounded.
You feel very mighty all of a sudden.
The orc warrior hits you with a battleaxe!
You die... ## ########...## #....@o...... #.######...#. ##

You could see an orc warrior.

Vanquished Creatures
  2 ogres (D:4)
  2 worker ants (D:4)
  An iguana (D:4)
  6 adders
  An ooze (D:3)
  3 worms
  3 dart slugs
  5 leopard geckos
  2 orcs
  A ball python (D:2)
  11 bats
  2 giant cockroaches (D:2)
  7 goblins
  9 hobgoblins
  6 jackals
  3 quokkas
  7 frilled lizards
  6 kobolds
  2 leopard gecko skeletons (D:4)
  10 rats
89 creatures vanquished.

Notes
Turn   | Place    | Note
-------+----------+-------------------------------------------
     0 | D:1      | Illumine the Minotaur Gladiator began the quest for the
                  | Orb.
     0 | D:1      | Reached XP level 1. HP: 18/18 MP: 0/0
    61 | D:1      | Reached skill level 4 in Long Blades
   206 | D:1      | Reached skill level 1 in Armour
   206 | D:1      | Reached XP level 2. HP: 25/25 MP: 1/1
   487 | D:1      | Reached XP level 3. HP: 26/30 MP: 2/2
   693 | D:2      | Reached skill level 5 in Long Blades
  1167 | D:2      | Reached XP level 4. HP: 24/37 MP: 3/3
  1843 | D:3      | Reached skill level 6 in Long Blades
  1922 | D:3      | Noticed Sigmund
  1964 | D:4      | Reached XP level 5. HP: 29/42 MP: 2/4
  2165 | D:4      | Noticed an ogre
  2176 | D:4      | Killed an ogre
  2176 | D:4      | Reached skill level 7 in Long Blades
  2259 | D:4      | Noticed an ogre
  2261 | D:4      | Reached XP level 6. HP: 30/50 MP: 3/5
  2699 | D:4      | Noticed an orc warrior
  2723 | D:3      | Mangled by an orc warrior

Vault maps used:
D:1:      minmay_arrival_jagged, serial_glass, glass_columns_a, glass_columns_a
D:2:      serial_park_tiny_1, minmay_nonomino_d4
D:3:      uniq_jessica, uniq_sigmund
D:4:      first_ration

Skill      XL: |  1  2  3  4  5  6 |
---------------+-------------------+-----
Long Blades    | 4 5 6 7 |  7.7
Armour         | 1 2 3 4 |  4.3
Fighting       | |  2.4
Throwing       | |  2.0
Dodging        | |  3.2

Action                   |  1- 3 |  4- 6 || total
-------------------------+-------+-------++-------
Melee: Long sword        |    88 |    96 ||   184
       Headbutt          |    15 |    18 ||    33
Throw: Throwing net      |       |     1 ||     1
  Use: Scroll            |       |     1 ||     1
       Potion            |       |     2 ||     2
  Eat: Chunk             |     1 |     3 ||     4
       Ration            |       |     1 ||     1
Armor: Leather armour    |    22 |    18 ||    40
       Scale mail        |       |     4 ||     4
Dodge: Dodged            |    62 |    69 ||   131
       Rpst.: Long sword |    16 |    19 ||    35

Table legend:
 A = Non-vault XP
 B = Vault XP
 C = Vault XP percentage of total XP
 D = Non-vault monster count
 E = Vault monster count
 F = Vault count percentage of total count
                 A         B        C        D         E       F
            +---------+---------+-------+---------+---------+-------
      Total |     553 |      21 |   3.7 |      85 |       4 |   4.5
            +---------+---------+-------+---------+---------+-------
        D:1 |      42 |       0 |   0.0 |      25 |       0 |   0.0
        D:2 |      82 |      21 |  20.4 |      37 |       4 |   9.8
        D:3 |      40 |       0 |   0.0 |       9 |       0 |   0.0
        D:4 |     389 |       0 |   0.0 |      14 |       0 |   0.0
            +---------+---------+-------+---------+---------+-------
